 Dungeon Crawl Stone Soup version 0.29.1-2-gbd0b4ee654 (webtiles) character file.

Game seed: 7663253533088021123

192 McKennaii the Grasshopper (level 5, -1/42 HPs)
             Began as a Demigod Warper on Nov 9, 2022.
             Slain by a water moccasin zombie (2 damage)
             ... in an ossuary.
             The game lasted 00:06:24 (4286 turns).

McKennaii the Grasshopper (Demigod Warper)          Turns: 4286, Time: 00:06:25

Health: -1/42      AC:  3    Str: 16    XL:     5   Next: 19%
Magic:  12/12      EV: 12    Int: 15    God:
Gold:   234        SH:  0    Dex: 13    Spells: 4/9 levels left

rFire   . . .      SeeInvis .   a - +0 spear
rCold   . . .      Faith    .   (no shield)
rNeg    . . .      Spirit   .   b - +0 leather armour
rPois   .          Reflect  .   (no helmet)
rElec   .          Harm     .   (no cloak)
rCorr   .          Rampage  .   (no gloves)
Will    .....                   (no boots)
Stlth   +.........              (no amulet)
HPRegen 0.14/turn               (no ring)
MPRegen 0.13/turn               (no ring)

@: no status effects
A: high MP 1, forlorn, divine attributes
a: no special abilities


You were in an ossuary.
You visited 1 branch of the dungeon, and saw 5 of its levels.
You also visited: Ossuary.

You collected 234 gold pieces.

Inventory:

Hand Weapons
 a - a +0 spear (weapon)
 t - a +4 dagger of freezing
Missiles
 d - 7 boomerangs of dispersal (quivered)
 q - 2 boomerangs
Armour
 b - a +0 leather armour (worn)
Wands
 s - a wand of mindburst (20)
 v - a wand of digging (1)
Scrolls
 c - a scroll of blinking
 e - 2 scrolls of teleportation {unknown}
 f - a scroll of immolation {unknown}
 h - 6 scrolls of identify {unknown}
 k - 2 scrolls of butterflies {unknown}
 m - a scroll of amnesia {unknown}
 n - a scroll of poison {unknown}
 o - 2 scrolls of silence {unknown}
 p - a scroll of brand weapon {unknown}
 r - 3 scrolls of summoning {unknown}
 u - a scroll of noise {unknown}
Potions
 g - 3 potions of curing
 i - 4 potions of haste {unknown}
 j - 2 potions of resistance {unknown}
 l - 2 potions of might {unknown}


   Skills:
 + Level 2.4 Fighting
 + Level 2.4 Polearms
 - Level 0.8 Throwing
 + Level 1.7 Armour
 + Level 2.3 Dodging
 * Level 2.7 Spellcasting
 * Level 3.6 Translocations


You had 4 spell levels left.
You knew the following spells:

 Your Spells              Type           Power      Damage    Failure   Level
a - Blink                 Tloc           26%        N/A       9%          2
b - Gell's Gravitas       Tloc           13%        N/A       17%         3

Your spell library contained the following spells:

 Spells                   Type           Power      Damage    Failure   Level
 Lesser Beckoning         Tloc           13%        N/A       17%         3
 Teleport Other           Tloc           13%        N/A       17%         3
 Beastly Appendage        Tmut           4%         N/A       26%         1
 Portal Projectile        Hex/Tloc       14%        N/A       34%         3
 Static Discharge         Conj/Air       2%         3-4/arc   36%         2
 Sublimation of Blood     Necr           2%         N/A       36%         2
 Wereblood                Tmut           2%         N/A       36%         2
 Spider Form              Tmut/Pois      2%         N/A       58%         3
 Tukima's Dance           Hex            2%         N/A       58%         3
 Petrify                  Tmut/Erth      2%         N/A       94%         4
 Manifold Assault         Tloc           13%        N/A       83%         5
 Blade Hands              Tmut           1%         N/A       100%        5
 Irradiate                Conj/Tmut      1%         3d12      100%        5
 Lightning Bolt           Conj/Air       1%         1d12      100%        5
 Maxwell's Capacitive Co  Air            1%         ∞         100%        8


Dungeon Overview and Level Annotations

Branches:
Dungeon (6/15)            Ossuary (1/1)
 Temple: D:4-7


Innate Abilities, Weirdness & Mutations

You have an increased reservoir of magic. (+10% MP)
You shall have no god before yourself.
Your divine heritage dramatically boosts your attributes as you level up.


Message History

The water moccasin zombie completely misses you.
You closely miss the water moccasin zombie.
The water moccasin zombie is heavily damaged.
The water moccasin zombie bites you but does no damage.
The water moccasin zombie barely misses you.
You completely miss the water moccasin zombie.
The water moccasin zombie is heavily damaged.
The water moccasin zombie barely misses you.
You hit the water moccasin zombie but do no damage.
The water moccasin zombie is heavily damaged.
The water moccasin zombie misses you.
You hit the water moccasin zombie.
The water moccasin zombie is severely damaged.
The water moccasin zombie bites you.
You hit the water moccasin zombie.
The water moccasin zombie is severely damaged.
The water moccasin zombie bites you.
You hit the water moccasin zombie.
The water moccasin zombie is severely damaged.
The water moccasin zombie bites you.
* * * LOW HITPOINT WARNING * * *
The water moccasin zombie bites you but does no damage.
You hit the water moccasin zombie.
The water moccasin zombie is almost destroyed.
The water moccasin zombie barely misses you.
You closely miss the water moccasin zombie.
The water moccasin zombie is almost destroyed.
The water moccasin zombie barely misses you.
You hit the water moccasin zombie but do no damage.
The water moccasin zombie is almost destroyed.
The water moccasin zombie closely misses you.
You hit the water moccasin zombie.
The water moccasin zombie is almost destroyed.
The water moccasin zombie bites you but does no damage.
You hit the water moccasin zombie.
The water moccasin zombie is almost destroyed.
The water moccasin zombie bites you.
* * * LOW HITPOINT WARNING * * *
The water moccasin zombie bites you.
You die...

#...'.∩.#!()!+
#...#...#!!!!#
#...##### ###
#...# #'###
#...# #...#
#...# #..@#
###Z# #.ZZ#
#..Z# #...#
#...# ###'#
..# ...+


You could see a water moccasin zombie, a hobgoblin zombie and 2 orc zombies.

Vanquished Creatures
  A bullfrog (D:6)
  An orc priest (D:6)
  2 adders
  An adder zombie (Ossuary)
  2 worms (D:3)
  5 orcs
  8 bats
  6 endoplasms
  4 giant cockroaches
  A gnoll zombie (Ossuary)
  6 goblins
  8 hobgoblins
  A quokka (D:2)
  3 ball pythons
  4 frilled lizards
  2 hobgoblin zombies (Ossuary)
  5 kobolds
  A kobold zombie (Ossuary)
  6 rats
67 creatures vanquished.

Notes
Turn   | Place    | Note
-------+----------+-------------------------------------------
     0 | D:1      | McKennaii the Demigod Warper began the quest for the Orb.
     0 | D:1      | Reached XP level 1. HP: 17/17 MP: 5/5
   124 | D:1      | Reached skill level 1 in Armour
   342 | D:1      | Reached XP level 2. HP: 24/24 MP: 7/7
  1055 | D:2      | Reached skill level 3 in Translocations
  1449 | D:2      | Reached XP level 3. HP: 29/29 MP: 8/8
  3135 | D:3      | Reached XP level 4. HP: 26/36 MP: 10/10
  3544 | D:3      | You fall into a shaft and drop 3 floors!
  3580 | D:6      | Learned a level 2 spell: Blink
  3584 | D:6      | Learned a level 3 spell: Gell's Gravitas
  3663 | D:6      | Noticed a bullfrog
  3679 | D:6      | Noticed a sky beast
  3693 | D:6      | Killed a bullfrog
  3694 | D:6      | Reached XP level 5. HP: 7/42 MP: 11/11
  3900 | D:6      | Noticed a centaur
  3956 | D:5      | Entered Level 5 of the Dungeon
  4155 | D:5      | Found a sand-covered staircase.
  4162 | Ossuary  | Entered an ossuary
  4286 | Ossuary  | HP: 1/42 [water moccasin zombie (6)]
  4286 | Ossuary  | Slain by a water moccasin zombie

Illustrated notes

Levels and vault maps discovered:
D:1:      dpeg_arrival_solitude, layout_loops_ring
D:2:      kennysheep_big_flooded_room, layout_rooms
D:3:      layout_loops_ring, minmay_randomly_rotated_circles
D:5:      layout_loops_corners, chequers_ossuary_entry_cave, uniq_sigmund
D:6:      layout_loops_ring
Ossuary:  ossuary_tomb_2

Skill      XL: |  1  2 |
---------------+-------+-----
Armour         | 1 |  1.7
Spellcasting   | 2 |  2.7
Polearms       | 2 |  2.4
Translocations | 3 |  3.6
Fighting       | 2 |  2.4
Dodging        | 2 |  2.3
Throwing       | |  0.8

Action                   |  1- 3 |  4- 6 || total
-------------------------+-------+-------++-------
Melee: Spear             |   221 |    91 ||   312
       Punch             |     1 |     1 ||     2
       Dagger            |       |    25 ||    25
  Use: Potion            |     1 |       ||     1
 Stab: Sleeping          |     3 |       ||     3
Armor: Leather armour    |    31 |    14 ||    45
Dodge: Dodged            |   139 |    38 ||   177
